TOP OF THE 1ST |
---|
Casper Ghosts batting - Pitching for Culver City Extras : LHP Scott Davis | Pitching: LHP Scott Davis | | Batting: RHB Alberto Soto | 0-0: Ball 1-0: Ball 2-0: Ball 3-0: Base on Balls | Batting: LHB Luis Rodríguez | 0-0: Foul Ball, location: 2F 0-1: Ball 1-1: Ball 2-1: Ball 3-1: Foul Ball, location: 2F 3-2: Strikes out swinging | Batting: LHB Alberto Varela | 0-0: Ball 1-0: Ball 2-0: Called Strike 2-1: Ball 3-1: Base on Balls Alberto Soto to second | Batting: RHB Paul Richard | 0-0: Reached on error, E1 (Groundball, 13S) Alberto Soto to third Alberto Varela to second | Batting: LHB Ralph Cobb | 0-0: Ball 1-0: SINGLE (Groundball, 6S) (infield hit) Alberto Soto scores Alberto Varela to third Paul Richard to second | Batting: RHB Mark Arnold | 0-0: Ball 1-0: Ball 2-0: Ball 3-0: Called Strike 3-1: Fly out, F8 (Flyball, 8LM) Runner from 3rd tags up, SCORES, no throw | Batting: RHB Troy Reed | 0-0: Called Strike 0-1: Fly out, F8 (Flyball, 78M) | Top of the 1st over - 2 runs, 1 hit, 1 error, 2 left on base; Casper 2 - Culver City 0 | BOTTOM OF THE 1ST |
---|
Culver City Extras batting - Pitching for Casper Ghosts : RHP Arthur Martínez | Pitching: RHP Arthur Martínez | | Batting: RHB Horace Johnson | 0-0: Foul Ball, location: 2F 0-1: Ball 1-1: Foul Ball, location: 2F 1-2: Foul Ball, location: 2F 1-2: Ball 2-2: Foul Ball, location: 2F 2-2: Ball 3-2: SINGLE (Line Drive, 4MD) | Batting: LHB Jorge Martínez | 0-0: Ball 1-0: Ball 2-0: Fly out, F9 (Flyball, 9LD) Runner from 1st tags up, SAFE at 2nd | Batting: LHB Randy Wiggins | 0-0: Called Strike 0-1: Ball 1-1: Ball 2-1: Fly out, F9 (Flyball, 9) | Batting: LHB Tony Smith | 0-0: Ball 1-0: Ball 2-0: Called Strike 2-1: Ball 3-1: Base on Balls | Batting: LHB Buddy Rice | 0-0: Ball 1-0: Ball 2-0: Ball 3-0: Called Strike 3-1: Base on Balls Horace Johnson to third Tony Smith to second | Batting: LHB Richard Bell | 0-0: Fly out, F8 (Flyball, 8LD) | Bottom of the 1st over - 0 runs, 1 hit, 0 errors, 3 left on base; Casper 2 - Culver City 0 | TOP OF THE 2ND |
---|
Casper Ghosts batting - Pitching for Culver City Extras : LHP Scott Davis | Batting: RHB Miguel Toro | 0-0: Foul Ball, location: 2F 0-1: Ball 1-1: Ball 2-1: Swinging Strike 2-2: Foul Ball, location: 2F 2-2: SINGLE (Line Drive, 56D) | Batting: RHB Robert Acosta | 0-0: Ball 1-0: Called Strike 1-1: Grounds into double play, 6-4-3 (Groundball, 6) | Batting: RHB Alberto Soto | 0-0: Ball 1-0: Ball 2-0: Called Strike 2-1: Foul Ball, location: 2F 2-2: Foul Ball, location: 2F 2-2: Foul Ball, location: 2F 2-2: Strikes out swinging | Top of the 2nd over - 0 runs, 1 hit, 0 errors, 0 left on base; Casper 2 - Culver City 0 | BOTTOM OF THE 2ND |
---|
Culver City Extras batting - Pitching for Casper Ghosts : RHP Arthur Martínez | Batting: RHB John Stevens | 0-0: Swinging Strike 0-1: Ball 1-1: Ball 2-1: SINGLE (Groundball, 56D) | Batting: RHB Pancho Reyna | 0-0: Ball 1-0: Fly out, F3 (Popup, 3S) | Batting: RHB Jamie Swyers | 0-0: Swinging Strike 0-1: Grounds into double play, 4-6-3 (Groundball, 4) | Bottom of the 2nd over - 0 runs, 1 hit, 0 errors, 0 left on base; Casper 2 - Culver City 0 | TOP OF THE 3RD |
---|
Casper Ghosts batting - Pitching for Culver City Extras : LHP Scott Davis | Batting: LHB Luis Rodríguez | 0-0: Ball 1-0: Ball 2-0: Ground out 6-3 (Groundball, 56) | Batting: LHB Alberto Varela | 0-0: SINGLE (Groundball, 34D) | Batting: RHB Paul Richard | 0-0: Ball Alberto Varela steals 2nd base 1-0: Called Strike 1-1: Ball 2-1: Fly out, F2 (Popup, 15S) | Batting: LHB Ralph Cobb | 0-0: Foul Ball, location: 2F 0-1: Foul Ball, location: 2F 0-2: Ball 1-2: Fly out, F7 (Flyball, 7LS) | Top of the 3rd over - 0 runs, 1 hit, 0 errors, 1 left on base; Casper 2 - Culver City 0 | BOTTOM OF THE 3RD |
---|
Culver City Extras batting - Pitching for Casper Ghosts : RHP Arthur Martínez | Batting: RHB Horace Johnson | 0-0: Swinging Strike 0-1: Ball 1-1: Ball 2-1: Ball 3-1: Called Strike 3-2: Fly out, F9 (Flyball, 9LMF) | Batting: LHB Jorge Martínez | 0-0: Ball 1-0: Called Strike 1-1: Ball 2-1: Swinging Strike 2-2: Ball 3-2: Strikes out swinging | Batting: LHB Randy Wiggins | 0-0: Called Strike 0-1: Called Strike 0-2: SOLO HOME RUN (Flyball, 9LD), Distance : 353 ft | Batting: LHB Tony Smith | 0-0: DOUBLE (Flyball, 8RXD) | Batting: LHB Buddy Rice | 0-0: Ball 1-0: Ball 2-0: Swinging Strike 2-1: Ball 3-1: Base on Balls | Batting: LHB Richard Bell | 0-0: Ball 1-0: Ball 2-0: Ball 3-0: Called Strike 3-1: Base on Balls Tony Smith to third Buddy Rice to second | Batting: RHB John Stevens | 0-0: Called Strike 0-1: Foul Ball, location: 2F 0-2: Strikes out swinging | Bottom of the 3rd over - 1 run, 2 hits, 0 errors, 3 left on base; Casper 2 - Culver City 1 | TOP OF THE 4TH |
---|
Casper Ghosts batting - Pitching for Culver City Extras : LHP Scott Davis | Batting: RHB Mark Arnold | 0-0: Foul Ball, location: 2F 0-1: Ball 1-1: Ball 2-1: Ball 3-1: Ground out 6-3 (Groundball, 6S) | Batting: RHB Troy Reed | 0-0: SINGLE (Groundball, 6) (infield hit) | Batting: RHB Miguel Toro | 0-0: Ball 1-0: Ball 2-0: DOUBLE (Line Drive, 78D) Troy Reed to third Runner from 3rd tries for Home, SAFE, no throw | Batting: RHB Robert Acosta | 0-0: Foul Ball, location: 2F 0-1: Swinging Strike 0-2: Fly out, F9 (Line Drive, 9D) Runner from 2nd tags up, SAFE at 3rd, no throw | Batting: RHB Alberto Soto | 0-0: Called Strike 0-1: Ball 1-1: SINGLE (Line Drive, 56) Miguel Toro scores | Batting: LHB Luis Rodríguez | 0-0: Foul Ball, location: 2F 0-1: Ball Alberto Soto steals 2nd base 1-1: Ball 2-1: Ground out 1-3 (Groundball, 13) | Top of the 4th over - 2 runs, 3 hits, 0 errors, 1 left on base; Casper 4 - Culver City 1 | BOTTOM OF THE 4TH |
---|
Culver City Extras batting - Pitching for Casper Ghosts : RHP Arthur Martínez | Batting: RHB Pancho Reyna | 0-0: Ball 1-0: Foul Ball, location: 2F 1-1: Foul Ball, location: 2F 1-2: Strikes out swinging | Batting: RHB Jamie Swyers | 0-0: Swinging Strike 0-1: Foul Ball, location: 2F 0-2: Ball 1-2: Foul Ball, location: 2F 1-2: Ball 2-2: Foul Ball, location: 2F 2-2: Foul Ball, location: 2F 2-2: Foul Ball, location: 2F 2-2: SINGLE (Groundball, 25) (infield hit) | Batting: RHB Horace Johnson | 0-0: Ball 1-0: Called Strike 1-1: Ball 2-1: Swinging Strike 2-2: Fly out, F2 (Popup, 23F) | Batting: LHB Jorge Martínez | 0-0: Ball 1-0: SINGLE (Groundball, 34D) Jamie Swyers to second Runner from 2nd tries for 3rd, SAFE, throw made to third | Batting: LHB Randy Wiggins | 0-0: Swinging Strike 0-1: Ball 1-1: Foul Ball, location: 2F 1-2: Ball 2-2: Strikes out swinging | Bottom of the 4th over - 0 runs, 2 hits, 0 errors, 2 left on base; Casper 4 - Culver City 1 | TOP OF THE 5TH |
---|
Casper Ghosts batting - Pitching for Culver City Extras : LHP Scott Davis | Batting: LHB Alberto Varela | 0-0: Ball 1-0: Ball 2-0: Ball 3-0: Called Strike 3-1: Base on Balls | Batting: RHB Paul Richard | 0-0: Ball 1-0: SINGLE (Groundball, 56D) Alberto Varela to second Runner from 2nd tries for 3rd, SAFE, throw made to third Paul Richard to second | Batting: LHB Ralph Cobb | 0-0: Ball 1-0: Foul Ball, location: 2F 1-1: Foul Ball, location: 2F 1-2: Foul Ball, location: 2F 1-2: Ball 2-2: Strikes out swinging | Batting: RHB Mark Arnold | 0-0: Ball 1-0: Ball 2-0: Called Strike 2-1: Foul Ball, location: 2F 2-2: 3-RUN HOME RUN (Flyball, 7D), Distance : 365 ft | Pitching: RHP Robinson Flores | | Batting: RHB Troy Reed | 0-0: Called Strike 0-1: Swinging Strike 0-2: Fly out, F8 (Flyball, 8RD) | Batting: RHB Miguel Toro | 0-0: Ball 1-0: Foul Ball, location: 2F 1-1: Ground out 6-3 (Groundball, 6) | Top of the 5th over - 3 runs, 2 hits, 0 errors, 0 left on base; Casper 7 - Culver City 1 | BOTTOM OF THE 5TH |
---|
Culver City Extras batting - Pitching for Casper Ghosts : RHP Arthur Martínez | Batting: LHB Tony Smith | 0-0: Foul Ball, location: 2F 0-1: Ground out U3 (Groundball, 3) | Batting: LHB Buddy Rice | 0-0: Called Strike 0-1: Ball 1-1: Foul Ball, location: 2F 1-2: Ground out 4-3 (Groundball, 4D) | Batting: LHB Richard Bell | 0-0: Ball 1-0: Foul Ball, location: 2F 1-1: Foul Ball, location: 2F 1-2: Strikes out swinging | Bottom of the 5th over - 0 runs, 0 hits, 0 errors, 0 left on base; Casper 7 - Culver City 1 | TOP OF THE 6TH |
---|
Casper Ghosts batting - Pitching for Culver City Extras : RHP Robinson Flores | Batting: RHB Robert Acosta | 0-0: Ball 1-0: Called Strike 1-1: SINGLE (Groundball, 6MD) | Batting: RHB Alberto Soto | 0-0: Ball 1-0: Ball 2-0: SINGLE (Line Drive, 34) Robert Acosta to second Runner from 2nd tries for 3rd, SAFE, throw made to third | Batting: LHB Luis Rodríguez | 0-0: Ball 1-0: Ball 2-0: Ball Wild Pitch! Robert Acosta scores Alberto Soto to second 3-0: Base on Balls | Batting: LHB Alberto Varela | 0-0: Ball 1-0: Fielders Choice at 2nd, 6-4 (Groundball, 6M) Alberto Soto to third | Batting: RHB Paul Richard | 0-0: Called Strike Alberto Varela steals 2nd base 0-1: Ball 1-1: Swinging Strike 1-2: Foul Ball, location: 2F 1-2: Strikes out looking | Batting: LHB Ralph Cobb | 0-0: Ball 1-0: Called Strike 1-1: Called Strike 1-2: Foul Ball, location: 2F 1-2: Ball 2-2: Ball 3-2: Foul Ball, location: 2F 3-2: Fly out, F7 (Flyball, 78D) | Top of the 6th over - 1 run, 2 hits, 0 errors, 2 left on base; Casper 8 - Culver City 1 | BOTTOM OF THE 6TH |
---|
Culver City Extras batting - Pitching for Casper Ghosts : RHP Arthur Martínez | Now at 1B: Ramón Córdova | | Batting: RHB John Stevens | 0-0: Foul Ball, location: 2F 0-1: Foul Ball, location: 2F 0-2: Ball 1-2: Strikes out swinging | Batting: RHB Pancho Reyna | 0-0: Called Strike 0-1: Swinging Strike 0-2: Ball 1-2: Foul Ball, location: 2F 1-2: Ball 2-2: Foul Ball, location: 2F 2-2: Foul Ball, location: 2F 2-2: Fly out, F8 (Flyball, 8LD) | Batting: RHB Jamie Swyers | 0-0: Ball 1-0: Ground out 1-3 (Groundball, P) | Bottom of the 6th over - 0 runs, 0 hits, 0 errors, 0 left on base; Casper 8 - Culver City 1 | TOP OF THE 7TH |
---|
Casper Ghosts batting - Pitching for Culver City Extras : RHP Robinson Flores | Batting: RHB Mark Arnold | 0-0: Called Strike 0-1: Foul Ball, location: 2F 0-2: Ball 1-2: Ground out 3-1 (Groundball, 34) | Batting: RHB Troy Reed | 0-0: Called Strike 0-1: Ball 1-1: Ball 2-1: Ball 3-1: Fly out, F8 (Flyball, 78M) | Batting: RHB Miguel Toro | 0-0: Fly out, F9 (Flyball, 9) | Top of the 7th over - 0 runs, 0 hits, 0 errors, 0 left on base; Casper 8 - Culver City 1 | BOTTOM OF THE 7TH |
---|
Culver City Extras batting - Pitching for Casper Ghosts : RHP Arthur Martínez | Now at 3B: Peter Bryant | | Batting: RHB Horace Johnson | 0-0: Called Strike 0-1: Foul Ball, location: 2F 0-2: Ball 1-2: Ball 2-2: Strikes out swinging | Batting: LHB Jorge Martínez | 0-0: Ball 1-0: Called Strike 1-1: Swinging Strike 1-2: Ball 2-2: Ball 3-2: Ground out U3 (Groundball, 3D) | Batting: LHB Randy Wiggins | 0-0: Ball 1-0: Fly out, F7 (Flyball, 7S) | Bottom of the 7th over - 0 runs, 0 hits, 0 errors, 0 left on base; Casper 8 - Culver City 1 | TOP OF THE 8TH |
---|
Casper Ghosts batting - Pitching for Culver City Extras : RHP Robinson Flores | Batting: RHB Peter Bryant | 0-0: Called Strike 0-1: Ball 1-1: Swinging Strike 1-2: SINGLE (Line Drive, 9S) | Batting: RHB Alberto Soto | 0-0: Ball 1-0: Ball 2-0: Foul Ball, location: 2F 2-1: Ball 3-1: Base on Balls Peter Bryant to second | Batting: LHB Ramón Córdova | 0-0: Ball 1-0: Ball 2-0: Swinging Strike 2-1: Foul Ball, location: 2F 2-2: Ball 3-2: Base on Balls Peter Bryant to third Alberto Soto to second | Batting: LHB Alberto Varela | 0-0: Ball 1-0: Ball 2-0: Foul Ball, location: 2F 2-1: Ball 3-1: Called Strike 3-2: Foul Ball, location: 2F 3-2: DOUBLE (Line Drive, 9LS) Peter Bryant scores Alberto Soto scores Ramón Córdova to third | Batting: RHB Paul Richard | 0-0: Ball 1-0: Ground out 4-3 (Groundball, 4) Ramón Córdova scores Alberto Varela to third | Batting: LHB Ralph Cobb | 0-0: Swinging Strike 0-1: Ball 1-1: Called Strike 1-2: Strikes out looking | Batting: RHB Mark Arnold | 0-0: Ball 1-0: Swinging Strike 1-1: Foul Ball, location: 2F 1-2: TRIPLE (Flyball, 8RXD) Alberto Varela scores | Batting: RHB Troy Reed | 0-0: Called Strike 0-1: Ground out 5-3 (Groundball, 56) | Top of the 8th over - 4 runs, 3 hits, 0 errors, 1 left on base; Casper 12 - Culver City 1 | BOTTOM OF THE 8TH |
---|
Culver City Extras batting - Pitching for Casper Ghosts : RHP Arthur Martínez | Pitching: RHP Jack Hampton | | Batting: LHB Tony Smith | 0-0: Swinging Strike 0-1: Called Strike 0-2: Hit by Pitch | Batting: LHB Buddy Rice | 0-0: Ball 1-0: Ball 2-0: Foul Ball, location: 2F 2-1: Fly out, F7 (Flyball, 78D) | Batting: LHB Richard Bell | 0-0: Swinging Strike 0-1: Ball 1-1: Ball 2-1: Foul Ball, location: 2F 2-2: Strikes out swinging | Batting: RHB John Stevens | 0-0: Called Strike 0-1: SINGLE (Flyball, 9S) Tony Smith to second Runner from 2nd tries for 3rd, SAFE, no throw | Batting: RHB Pancho Reyna | 0-0: Ball 1-0: Ball 2-0: Ball 3-0: Base on Balls John Stevens to second | Batting: RHB Jamie Swyers | 0-0: Ball 1-0: Foul Ball, location: 2F 1-1: Ball 2-1: Foul Ball, location: 2F 2-2: Fly out, F9 (Flyball, 9LD) | Bottom of the 8th over - 0 runs, 1 hit, 0 errors, 3 left on base; Casper 12 - Culver City 1 | TOP OF THE 9TH |
---|
Casper Ghosts batting - Pitching for Culver City Extras : RHP Robinson Flores | Batting: RHB Miguel Toro | 0-0: Foul Ball, location: 2F 0-1: Foul Ball, location: 2F 0-2: Ball 1-2: Strikes out swinging | Batting: RHB Peter Bryant | 0-0: Ball 1-0: Ball 2-0: Foul Ball, location: 2F 2-1: SINGLE (Line Drive, 8LS) | Batting: RHB Alberto Soto | 0-0: Called Strike 0-1: 2-RUN HOME RUN (Flyball, 9D), Distance : 399 ft | Batting: LHB Ramón Córdova | 0-0: Ball 1-0: Ground out 1-3 (Groundball, P) | Pinch Hitting: LHB Ronald Gordon | 0-0: Foul Ball, location: 2F 0-1: Ball 1-1: Ground out 1-3 (Groundball, P) | Top of the 9th over - 2 runs, 2 hits, 0 errors, 0 left on base; Casper 14 - Culver City 1 | BOTTOM OF THE 9TH |
---|
Culver City Extras batting - Pitching for Casper Ghosts : RHP Jack Hampton | Now at SS: José González | | Batting: RHB Horace Johnson | 0-0: Ball 1-0: Ball 2-0: DOUBLE (Line Drive, 78D) | Batting: LHB Jorge Martínez | 0-0: Ball 1-0: Called Strike 1-1: Foul Ball, location: 2F 1-2: Strikes out swinging | Batting: LHB Randy Wiggins | 0-0: Ball 1-0: Called Strike 1-1: Ball 2-1: Called Strike 2-2: 2-RUN HOME RUN (Flyball, 9LD), Distance : 347 ft | Batting: LHB Tony Smith | 0-0: Foul Ball, location: 2F 0-1: Foul Ball, location: 2F 0-2: Foul Ball, location: 2F 0-2: Fly out, F6 (Line Drive, 6) | Batting: LHB Buddy Rice | 0-0: DOUBLE (Line Drive, 78D) | Batting: LHB Richard Bell | 0-0: Called Strike 0-1: Ball 1-1: Ball 2-1: SINGLE (Groundball, 56D) Buddy Rice to third | Batting: RHB John Stevens | 0-0: Foul Ball, location: 2F 0-1: Ball 1-1: Ball 2-1: Swinging Strike 2-2: Strikes out swinging | Bottom of the 9th over - 2 runs, 4 hits, 0 errors, 2 left on base; Casper 14 - Culver City 3 | |